 Dungeon Crawl Stone Soup version 0.22.0-49-gab54619 (webtiles) character file.

408 vatarom the Stinger (level 6, 0/44 HPs)
             Began as a Demonspawn Venom Mage on Sept 7, 2018.
             Slain by a phantom (9 damage)
             ... on level 5 of the Dungeon.
             The game lasted 00:14:56 (5273 turns).

vatarom the Stinger (Demonspawn Venom Mage)         Turns: 5273, Time: 00:14:56

Health: 0/44       AC:  8    Str: 10    XL:     6   Next: 57%
Magic:  11/11      EV: 17    Int: 19    God:
Gold:   266        SH:  2    Dex: 18    Spells: 1/11 levels left

rFire    . . .     SeeInvis .   h - +1 dagger
rCold    . . .     Gourm    .   (no shield)
rNeg     + . .     Faith    .   r - +2 robe {rN+}
rPois    .         Spirit   .   (helmet restricted)
rElec    .         Reflect  +   (no cloak)
rCorr    .         Harm     .   e - +1 pair of gloves
MR       .....                  (no boots)
Stlth    +++.......             b - +2 amulet of reflection
HPRegen  0.14/turn              l - ring of flight
MPRegen  0.12/turn              q - +2 ring of strength

@: agile, flying
A: antennae 1, thin metallic scales 1, demonic guardian 1
a: no special abilities


You were on level 5 of the Dungeon.
You were hungry.

You visited 1 branch of the dungeon, and saw 5 of its levels.

You collected 266 gold pieces.

Inventory:

Hand Weapons
 a - a +0 blowgun
 h - a +1 dagger (weapon)
Missiles
 o - 50 poisoned needles
Armour
 e - a +1 pair of gloves (worn)
 r - a +2 robe of positive energy (worn)
Jewellery
 b - a +2 amulet of reflection (around neck)
 l - a ring of flight (left hand)
 q - a +2 ring of strength (right hand)
 s - an uncursed amulet of regeneration {unknown}
Wands
 w - a wand of digging (11) {@v1}
Scrolls
 k - a scroll of enchant weapon
 n - a scroll of random uselessness
 u - a scroll of teleportation {@r3}
Potions
 d - a potion of lignification
 g - 3 potions of flight
 j - a potion of resistance {unknown}
 m - a potion of heal wounds {unknown}
 p - 5 potions of curing {unknown}
 v - a potion of ambrosia {unknown}
 x - a potion of berserk rage {unknown}
Comestibles
 c - 11 rations {@e1}
 t - 6 chunks of flesh


   Skills:
 * Level 1.7 Fighting
 * Level 1.6 Short Blades
 - Level 1.7 Dodging
 - Level 1.7 Stealth
 + Level 3.3 Spellcasting
 * Level 4.3 Conjurations
 + Level 4.3 Poison Magic


You had one spell level left.
You knew the following spells:

 Your Spells              Type           Power        Failure   Level  Hunger
a - Sting                 Conj/Pois      ###.         2%          1    None
d - Mephitic Cloud        Conj/Pois/Air  ##......     14%         3    ###....
e - Olgreb's Toxic Radia  Pois           ###.....     26%         4    ####...
z - Poisonous Vapours     Pois/Air       ##....       10%         2    ##.....

Your spell library contained the following spells:

 Spells                   Type           Power        Failure   Level  Hunger
 Venom Bolt               Conj/Pois      ###.......   56%         5    ######.


Dungeon Overview and Level Annotations

Branches:
Dungeon (5/15)
 Temple: D:4-7

Altars:
Kikubaaqudgha
Okawaru
Trog
Wu Jian


Innate Abilities, Weirdness & Mutations

You have a pair of small antennae on your head.
You are partially covered in thin metallic scales. (AC +2)
A weak demonic guardian rushes to your aid.


Message History

The phantom is almost destroyed.
The phantom completely misses you.
You barely miss the phantom.
The phantom is almost destroyed.
The phantom hits you.
You completely miss the phantom.
The phantom is almost destroyed.
The phantom blinks!
You hit the phantom.
The phantom is almost destroyed.
The phantom hits you.
* * * LOW HITPOINT WARNING * * *
It was a potion of flight.
You feel very buoyant.
You fly up into the air.
The phantom hits you.
* * * LOW HITPOINT WARNING * * *
It was a potion of agility.
You feel agile all of a sudden. The phantom hits you!
You die...

#............#
###.###...#.##.#
#...# #...#.# #
#...#######.#
#...#...# #.#
##......# #..
#......########.#
#...........<...#
####@..##########
.......W..#
#######...# #...#
#...# ....#
.##..# ..#


You could see a phantom.

Vanquished Creatures
  An ogre (D:4)
  A jelly (D:4)
  An orc priest (D:3)
  Ijyb (D:4)
  2 orc wizards
  Natasha (twice) (D:4)
  4 gnolls (D:2)
  3 adders
  2 worms
  7 dart slugs
  4 leopard geckos
  5 orcs
  4 giant cockroaches
  15 goblins
  5 hobgoblins
  A quokka (D:2)
  10 bats
  3 frilled lizards
  5 kobolds
  A leopard gecko skeleton (D:4)
  3 rats
80 creatures vanquished.

Vanquished Creatures (collateral kills)
  An orc (D:3)
1 creature vanquished.

Grand Total: 81 creatures vanquished

Notes
Turn   | Place    | Note
-------+----------+-------------------------------------------
     0 | D:1      | vatarom the Demonspawn Venom Mage began the quest for the
                  | Orb.
     0 | D:1      | Reached XP level 1. HP: 13/13 MP: 3/3
   151 | D:1      | Gained mutation: You have a pair of small antennae on your
                  | head. [demonic ancestry]
   151 | D:1      | Reached XP level 2. HP: 11/19 MP: 0/5
   385 | D:1      | Learned a level 2 spell: Poisonous Vapours
   894 | D:1      | Reached XP level 3. HP: 24/24 MP: 3/6
  2185 | D:2      | Reached XP level 4. HP: 19/30 MP: 2/7
  2624 | D:3      | Learned a level 3 spell: Mephitic Cloud
  2771 | D:3      | Gained mutation: A weak demonic guardian rushes to your
                  | aid. [demonic ancestry]
  2771 | D:3      | Reached XP level 5. HP: 16/35 MP: 1/9
  3262 | D:3      | Learned a level 4 spell: Olgreb's Toxic Radiance
  3393 | D:3      | Found a bloodstained altar of Trog.
  3395 | D:3      | Found an iron altar of Okawaru.
  3961 | D:4      | Found an ornate altar of the Wu Jian Council.
  3961 | D:4      | Found an ancient bone altar of Kikubaaqudgha.
  3981 | D:4      | Noticed Ijyb
  3981 | D:4      | Noticed Natasha
  4122 | D:4      | Killed Ijyb
  4376 | D:4      | Killed Natasha
  4547 | D:4      | Noticed Natasha
  4550 | D:4      | Killed Natasha
  4550 | D:4      | Reached skill level 1 in Fighting
  4550 | D:4      | Reached skill level 1 in Short Blades
  4550 | D:4      | Gained mutation: You are partially covered in thin metallic
                  | scales. (AC +2) [demonic ancestry]
  4550 | D:4      | Reached XP level 6. HP: 43/43 MP: 5/10
  4788 | D:4      | Noticed Blork the orc
  4794 | D:4      | Noticed Blork
  4794 | D:4      | Blork the orc changed into Blork the jelly
  4798 | D:4      | Killed Blork the jelly
  5166 | D:5      | Entered Level 5 of the Dungeon
  5273 | D:5      | Slain by a phantom

Skill      XL: |  1  2  3  4  5 |
---------------+----------------+-----
Conjurations   | 2 3 4 |  4.3
Spellcasting   | 3 |  3.3
Poison Magic   | 4 |  4.3
Fighting       | 1 |  1.7
Short Blades   | 1 |  1.6
Dodging        | |  1.7
Stealth        | |  1.7

Action                   |  1- 3 |  4- 6 || total
-------------------------+-------+-------++-------
Melee: Unarmed           |     7 |     5 ||    12
       Dagger            |    58 |   107 ||   165
 Fire: Blowgun           |       |    14 ||    14
 Cast: Sting             |    33 |    34 ||    67
       Poisonous Vapours |    18 |    32 ||    50
       Mephitic Cloud    |       |     2 ||     2
Evoke: Wand              |       |     3 ||     3
  Use: Scroll            |     4 |    10 ||    14
       Potion            |       |     2 ||     2
 Stab: Sleeping          |     1 |     1 ||     2
  Eat: Chunk             |     2 |    11 ||    13
       Ration            |     1 |       ||     1
Armor: Robe              |    20 |    30 ||    50
       Skin              |       |    33 ||    33
Dodge: Dodged            |    43 |    80 ||   123
Block: Other             |     1 |    12 ||    13
